 Dungeon Crawl Stone Soup version 0.25-a0-474-ga8a2ee3166 (webtiles) character file.

Game seed: 14271493269408753249, levelgen mode: deterministic

219 kae the Sneak (level 5, -3/25 HPs)
             Began as a Spriggan Enchanter on Feb 7, 2020.
             Slain by a hound (4 damage)
             ... on level 4 of the Dungeon.
             The game lasted 00:05:03 (2429 turns).

kae the Sneak (Spriggan Enchanter)                  Turns: 2429, Time: 00:05:04

Health: -3/25      AC:  2    Str:  4    XL:     5   Next: 64%
Magic:  1/11       EV: 19    Int: 17    God:
Gold:   90         SH:  0    Dex: 17    Spells: 8/11 levels left

rFire    . . .     SeeInvis +   a - +2 dagger (elec)
rCold    . . .     Gourm    .   (shield restricted)
rNeg     . . .     Faith    .   g - +0 robe
rPois    .         Spirit   .   (helmet restricted)
rElec    .         Reflect  .   (no cloak)
rCorr    .         Harm     .   (gloves unavailable)
MR       .....                  (boots unavailable)
Stlth    +++.......             (no amulet)
HPRegen  0.08/turn              (no ring)
MPRegen  0.12/turn              (no ring)

@: very quick
A: very small, unfitting armour, see invisible, herbivore, speed 3, slow
metabolism 2
a: no special abilities


You were on level 4 of the Dungeon.
You were not hungry.

You visited 1 branch of the dungeon, and saw 4 of its levels.

You collected 90 gold pieces.

Inventory:

Hand Weapons
 a - a +2 dagger of electrocution (weapon)
 b - a +1 dagger of speed
Armour
 g - a +0 robe (worn)
Jewellery
 j - an uncursed ring of protection from magic
 r - an uncursed ring of see invisible {unknown}
Wands
 s - a wand of iceblast (21)
Scrolls
 c - a scroll of amnesia {unknown}
 e - 2 scrolls of teleportation {unknown}
 f - a scroll of fear {unknown}
 h - 2 scrolls of magic mapping {unknown}
 i - a scroll of noise {unknown}
 k - 2 scrolls of identify {unknown}
 l - 2 scrolls of blinking {unknown}
 n - a scroll of remove curse {unknown}
 o - a scroll of fog {unknown}
 t - a scroll of immolation {unknown}
Potions
 m - a potion of cancellation {unknown}
 p - 3 potions of haste {unknown}
 q - a potion of berserk rage {unknown}
Comestibles
 d - 6 rations


   Skills:
 + Level 1.3 Fighting
 * Level 3.4 Short Blades
 + Level 4.2 Dodging
 + Level 5.5 Stealth
 + Level 3.7 Spellcasting
 + Level 4.3 Hexes


You had 8 spell levels left.
You knew the following spells:

 Your Spells              Type           Power        Failure   Level  Hunger
a - Corona                Hex            ###....      2%          1    None
b - Ensorcelled Hibernat  Hex/Ice        ##....       10%         2    ##.....

Your spell library contained the following spells:

 Spells                   Type           Power        Failure   Level  Hunger
 Confusing Touch          Hex            ###.....     9%          3    ###....
 Tukima's Dance           Hex            ###.....     9%          3    ###....
 Dazzling Flash           Conj/Hex       ##....       21%         3    ###....


Dungeon Overview and Level Annotations

Branches:
Dungeon (4/15)
 Temple: D:4-7

Altars:
Elyvilon
Ru
Sif Muna


Innate Abilities, Weirdness & Mutations

You are very small and have problems with some larger weapons.
You are too small for most types of armour.
You have supernaturally acute eyesight. (SInv)
You are a herbivore.
You cover ground extremely quickly.
You need to consume almost no food.


Message History

Casting: Ensorcelled Hibernation (safe; 10% risk of failure)
Confirm with . or Enter, or press ? or * to list all spells.
Aiming: Corona (safe; 2% risk of failure)
Press: ? - help, Shift-Dir - straight line, f/p - howler monkey
Aim: a howler monkey (lightly wounded, chance to defeat MR: 65%)
The howler monkey is outlined in light.
A hound comes into view.
The howler monkey hits you.
The hound barks!
You hit the howler monkey.
The howler monkey is moderately wounded.
The howler monkey hits you.
* * * LOW HITPOINT WARNING * * *
You completely miss the howler monkey.
The howler monkey is moderately wounded.
The howler monkey hits you.
* * * LOW HITPOINT WARNING * * *
The hound misses you. The hound bites you.
You die...

..##....#
.........#
.........#
.........#
.........#
.........#
........#
#...<#
######.h@.#
........h.#
..........#
..........#
....##....#
### #....#
#....#
+....#
#....#


You could see a howler monkey and a hound.

Vanquished Creatures
  Ijyb (D:3)
  Terence (D:3)
  An orc wizard (D:3)
  4 adders
  An ooze (D:1)
  A worm (D:3)
  2 dart slugs (D:3)
  3 leopard geckos
  10 orcs (D:3)
  5 giant cockroaches
  8 goblins
  7 hobgoblins
  9 jackals
  7 kobolds
  A quokka (D:2)
  5 bats
  5 frilled lizards
  16 rats
87 creatures vanquished.

Notes
Turn   | Place    | Note
-------+----------+-------------------------------------------
     0 | D:1      | kae the Spriggan Enchanter began the quest for the Orb.
     0 | D:1      | Reached XP level 1. HP: 9/9 MP: 5/5
   211 | D:1      | Reached XP level 2. HP: 13/13 MP: 4/6
   215 | D:1      | Learned a level 2 spell: Ensorcelled Hibernation
   579 | D:1      | Reached XP level 3. HP: 10/17 MP: 5/8
  1257 | D:2      | Found a white marble altar of Elyvilon.
  1257 | D:2      | Found a shimmering blue altar of Sif Muna.
  1532 | D:3      | Reached skill level 5 in Stealth
  1535 | D:3      | Reached XP level 4. HP: 21/21 MP: 9/9
  1740 | D:3      | Found a sacrificial altar of Ru.
  1780 | D:3      | Reached skill level 1 in Fighting
  1816 | D:3      | Noticed Terence
  2076 | D:3      | Killed Terence
  2076 | D:3      | Reached XP level 5. HP: 24/25 MP: 3/11
  2215 | D:3      | Noticed Ijyb
  2228 | D:3      | Killed Ijyb
  2428 | D:4      | HP: 1/25 [howler monkey (6)]
  2429 | D:4      | Slain by a hound

Levels and vault maps discovered:
D:1:      evilmike_arrival_crescent, layout_loops_ring, hex_tiny, minmay_tripent
D:2:      layout_rooms, chequers_temple_overflow_statue_of_worship
D:3:      layout_basic, nicolae_ru_sacrificial_ziggurat, uniq_terence, uniq_ijyb
D:4:      layout_gridville, zin_academy, first_ration, st_stairs_8

Skill      XL: |  1  2  3  4 |
---------------+-------------+-----
Short Blades   | 2 3 |  3.4
Spellcasting   | 3 |  3.7
Hexes          | 4 |  4.3
Stealth        | 5 |  5.5
Fighting       | 1 |  1.3
Dodging        | 4 |  4.2

Action                   |  1- 3 |  4- 6 || total
-------------------------+-------+-------++-------
Melee: Dagger            |   186 |    79 ||   265
 Cast: Corona            |    27 |     2 ||    29
       Ensorcelled Hiber |    14 |    26 ||    40
  Use: Potion            |     1 |     1 ||     2
 Stab: Sleeping          |    20 |    14 ||    34
       Distracted        |     1 |       ||     1
  Eat: Ration            |       |     1 ||     1
Armor: Robe              |    15 |     1 ||    16
Dodge: Dodged            |   148 |    49 ||   197

Table legend:
 A = Non-vault XP
 B = Vault XP
 C = Vault XP percentage of total XP
 D = Non-vault monster count
 E = Vault monster count
 F = Vault count percentage of total count
                 A         B        C        D         E       F
            +---------+---------+-------+---------+---------+-------
      Total |     239 |      75 |  23.9 |      83 |       4 |   4.6
            +---------+---------+-------+---------+---------+-------
        D:1 |      52 |       3 |   5.5 |      28 |       2 |   6.7
        D:2 |      39 |       0 |   0.0 |      18 |       0 |   0.0
        D:3 |     148 |      72 |  32.7 |      37 |       2 |   5.1
            +---------+---------+-------+---------+---------+-------
